[Event "Titled Tuesday Blitz May 17 Late 2022"]
[White "Risteski, Emil"]
[Black "Norowitz, Yaacov"]
[WhiteFideId "15005267"]
[BlackFideId "2024799"]
[WhiteElo "2070"]
[BlackElo "2412"]
[Result "1/2-1/2"]
[Round "02"]
[TimeControl "180+1"]
[Date "2022.05.17"]
[WhiteClock "0:00:05"]
[BlackClock "0:01:08"]

1. e4 c6 2. d4 d5 3. exd5 cxd5 4. Bd3 Nf6 5. c3 Nc6 6. Bf4 Bg4 7. Qb3 Qd7 8. Nd2 e6 9. Ngf3 Bd6 10. Bg3 O-O 11. O-O Rab8 12. Rae1 Qc7 13. Bxd6 Qxd6 14. Ne5 b5 15. a3 Qc7 16. Qc2 Bh5 17. Re3 Bg6 18. Bxg6 hxg6 19. Nd3 Nxd4 20. Qd1 Nf5 21. Rh3 Ne4 22. Nf3 f6 23. Qe2 g5 24. g4 Nh6 25. Nd4 Rfe8 26. f3 Nc5 27. Kh1 e5 28. Nf5 Nxf5 29. gxf5 Nxd3 30. Qxd3 Qc4 31. Qb1 Rbd8 32. Rg1 e4 33. f4 gxf4 34. Rxg7+ Kxg7 35. Qg1+ Kf8 36. Rh7 Rd7 37. Rxd7 Re7 38. Rd8+ Re8 39. Rd7 Re7 40. Rd8+ Re8 41. Rd7 1/2-1/2


[Site "https://www.chess.com"]

[Event "Titled Tuesday Blitz May 17 Late 2022"]
[White "Sadhwani, Raunak"]
[Black "Goltsev, Dmitry"]
[WhiteFideId "35093487"]
[BlackFideId "24176710"]
[WhiteElo "2616"]
[BlackElo "2258"]
[Result "1-0"]
[Round "02"]
[TimeControl "180+1"]
[Date "2022.05.17"]
[WhiteClock "0:00:29"]
[BlackClock "0:00:22"]

1. e4 e6 2. Qe2 d5 3. exd5 Qxd5 4. Nc3 Qd8 5. Nf3 Nf6 6. g3 Nc6 7. Bg2 Bc5 8. O-O a6 9. d3 O-O 10. Bg5 h6 11. Bxf6 Qxf6 12. Ne4 Qe7 13. Nxc5 Qxc5 14. c3 e5 15. Rfe1 Bg4 16. h3 Bxf3 17. Bxf3 Rad8 18. Rad1 f6 19. h4 Rd6 20. h5 Rfd8 21. Be4 Ne7 22. Bxb7 Qb5 23. Be4 a5 24. Rd2 c5 25. Red1 f5 26. Bg2 e4 27. Qe3 Rxd3 28. Bf1 c4 29. Bxd3 cxd3 30. b3 Nc6 31. c4 Qe5 32. Kg2 Nd4 33. Rxd3 f4 34. gxf4 Qxh5 35. Rxd4 Rf8 36. Re1 Qg4+ 37. Qg3 1-0


[Site "https://www.chess.com"]

[Event "Titled Tuesday Blitz May 17 Late 2022"]
[White "Salem, A.R. Saleh"]
[Black "Guzman, Christopher"]
[WhiteFideId "9301348"]
[BlackFideId "6405096"]
[WhiteElo "2679"]
[BlackElo "2244"]
[Result "1-0"]
[Round "02"]
[TimeControl "180+1"]
[Date "2022.05.17"]
[WhiteClock "0:01:57"]
[BlackClock "0:01:51"]

1. d4 Nf6 2. c4 e6 3. Nc3 Bb4 4. a3 Bxc3+ 5. bxc3 c5 6. f3 b6 7. e4 Ba6 8. Bd3 Nc6 9. Ne2 Na5 10. e5 Ng8 11. Ng3 cxd4 12. Ne4 f5 13. Bg5 Qc7 14. Nd6+ Kf8 15. cxd4 h6 16. Bd2 Ne7 17. O-O Nb7 18. Bb4 Re8 19. f4 g6 20. Qf3 Nd8 21. Qg3 Ndc6 22. Qh4 g5 23. fxg5 Nxb4 24. axb4 Ng6 25. Qh5 1-0


[Site "https://www.chess.com"]

[Event "Titled Tuesday Blitz May 17 Late 2022"]
[White "Sanal, Vahap"]
[Black "Tologon tegin, Semetei"]
[WhiteFideId "6300545"]
[BlackFideId "13800574"]
[WhiteElo "2574"]
[BlackElo "2258"]
[Result "0-1"]
[Round "02"]
[TimeControl "180+1"]
[Date "2022.05.17"]
[WhiteClock "0:01:09"]
[BlackClock "0:01:30"]

1. e4 e5 2. Nf3 Nc6 3. Bb5 a6 4. Ba4 Nf6 5. O-O Be7 6. Re1 b5 7. Bb3 O-O 8. a4 b4 9. d4 d6 10. dxe5 dxe5 11. Nbd2 Bg4 12. h3 Bh5 13. Bc4 Nd4 14. Bd3 Bc5 15. g4 Nxg4 16. Nxd4 Qxd4 17. hxg4 Qxf2+ 18. Kh1 Qh4+ 19. Kg2 Bxg4 20. Qxg4 Qxg4+ 21. Kf1 Rad8 22. b3 f5 0-1


[Site "https://www.chess.com"]

[Event "Titled Tuesday Blitz May 17 Late 2022"]
[White "Schekachikhin, Maksim"]
[Black "Holt, Conrad"]
[WhiteFideId "24177830"]
[BlackFideId "2034387"]
[WhiteElo "2239"]
[BlackElo "2586"]
[Result "0-1"]
[Round "02"]
[TimeControl "180+1"]
[Date "2022.05.17"]
[WhiteClock "0:01:32"]
[BlackClock "0:01:18"]

1. Nf3 d5 2. g3 Bg4 3. Bg2 Nd7 4. O-O e6 5. d4 Ngf6 6. c4 c6 7. b3 Bd6 8. Bb2 Qb8 9. Nbd2 h6 10. Re1 O-O 11. e4 dxe4 12. Nxe4 Bb4 13. Nxf6+ Nxf6 14. Re3 Rd8 15. Qe2 Qd6 16. h3 Bh5 17. g4 Bg6 18. Ne5 Bh7 19. c5 Qf8 20. a3 Ba5 21. b4 Bc7 22. f4 Nd5 23. Rg3 Nxf4 24. Qf2 Bxe5 25. dxe5 Nxg2 26. Qxg2 Rd5 27. g5 h5 28. Rf1 Bg6 29. Qe2 Qd8 30. Rg2 a5 31. Bc3 Rd3 32. Qb2 axb4 33. axb4 Rxh3 34. b5 cxb5 35. Bd4 Qd5 36. Bf2 Ra4 37. Qxb5 Rg4 0-1


[Site "https://www.chess.com"]

[Event "Titled Tuesday Blitz May 17 Late 2022"]
[White "Souleidis, Georgios"]
[Black "Svane, Frederik"]
[WhiteFideId "4206827"]
[BlackFideId "12923044"]
[WhiteElo "2401"]
[BlackElo "2459"]
[Result "0-1"]
[Round "02"]
[TimeControl "180+1"]
[Date "2022.05.17"]
[WhiteClock "0:00:12"]
[BlackClock "0:00:41"]

1. e4 c5 2. Be2 d5 3. d3 Nf6 4. e5 Nfd7 5. f4 Nc6 6. Nf3 e6 7. O-O b5 8. a4 b4 9. c4 Be7 10. b3 O-O 11. Be3 Bb7 12. Nbd2 f6 13. exf6 Bxf6 14. Rb1 Qe7 15. Bf2 Qd6 16. Bg3 Ne7 17. h3 Nf5 18. Bh2 Ne3 19. Qe1 Nxf1 20. Qxf1 Rae8 21. Kh1 Qc6 22. Rd1 Be7 23. Qe1 Bd6 24. Ne5 Bxe5 25. fxe5 dxc4 26. Bf3 Rxf3 27. Nxf3 cxb3 28. Rb1 Qd5 29. Qd1 Nb6 30. a5 Na4 31. Rxb3 Nc3 32. Qc2 Rf8 33. Rxc3 bxc3 0-1


[Site "https://www.chess.com"]

[Event "Titled Tuesday Blitz May 17 Late 2022"]
[White "Stoleriu, George"]
[Black "Steinberg, Nitzan"]
[WhiteFideId "1227505"]
[BlackFideId "2801795"]
[WhiteElo "2194"]
[BlackElo "2471"]
[Result "0-1"]
[Round "02"]
[TimeControl "180+1"]
[Date "2022.05.17"]
[WhiteClock "0:01:23"]
[BlackClock "0:01:30"]

1. e4 c5 2. Nf3 Nc6 3. Bb5 g6 4. Bxc6 dxc6 5. d3 Bg7 6. h3 Nf6 7. Be3 b6 8. Nc3 O-O 9. Qd2 Re8 10. Bh6 Bh8 11. O-O Nd7 12. a4 e5 13. Nb1 Nf8 14. Bxf8 Rxf8 15. Na3 Be6 16. Nc4 f6 17. Rad1 Bg7 18. c3 Qc7 19. b3 Rad8 20. Qe3 Rd7 21. Rd2 Rfd8 22. Rfd1 b5 23. Na3 Bxb3 24. Rb1 Bxa4 25. Ne1 Bf8 26. Rc1 c4 27. Nb1 c5 28. dxc4 bxc4 29. Rxd7 Qxd7 30. Nf3 Qd3 31. Qe1 Bh6 0-1


[Site "https://www.chess.com"]

[Event "Titled Tuesday Blitz May 17 Late 2022"]
[White "Suleymanli, Aydin"]
[Black "Kavyev, Ruslan"]
[WhiteFideId "13413937"]
[BlackFideId "34110981"]
[WhiteElo "2481"]
[BlackElo "2180"]
[Result "1-0"]
[Round "02"]
[TimeControl "180+1"]
[Date "2022.05.17"]
[WhiteClock "0:00:15"]
[BlackClock "0:00:01"]

1. d4 Nf6 2. Nf3 g6 3. b4 Bg7 4. Bb2 O-O 5. e3 d6 6. Be2 Ne4 7. O-O c5 8. a3 b6 9. Nfd2 Nxd2 10. Qxd2 Bb7 11. c4 Nd7 12. Nc3 cxd4 13. exd4 Rc8 14. f4 Nf6 15. Bd3 a6 16. f5 d5 17. c5 Ne4 18. Bxe4 dxe4 19. Rad1 a5 20. Qe3 axb4 21. axb4 Qd7 22. d5 bxc5 23. bxc5 Ba6 24. Rf2 gxf5 25. c6 Qd6 26. Rxf5 Bd3 27. Rg5 f6 28. Rg3 Rb8 29. Ba1 Rb4 30. Rg4 Kh8 31. Nxe4 Bxe4 32. Rxe4 Rfb8 33. Rxe7 Rb3 34. Re8+ Rxe8 35. Qxe8+ Bf8 36. c7 Rc3 37. Bxc3 1-0


[Site "https://www.chess.com"]

[Event "Titled Tuesday Blitz May 17 Late 2022"]
[White "Svane, Rasmus"]
[Black "Vypkhaniuk, Ihor"]
[WhiteFideId "4657101"]
[BlackFideId "14112256"]
[WhiteElo "2674"]
[BlackElo "2346"]
[Result "1-0"]
[Round "02"]
[TimeControl "180+1"]
[Date "2022.05.17"]
[WhiteClock "0:00:14"]
[BlackClock "0:00:18"]

1. Nf3 c5 2. c4 g6 3. d4 Nf6 4. d5 b5 5. cxb5 a6 6. bxa6 Bg7 7. Nc3 Bxa6 8. e4 Bxf1 9. Kxf1 d6 10. g3 O-O 11. Kg2 Qb6 12. Re1 Na6 13. Qe2 Rfb8 14. Nd2 Nc7 15. Nc4 Qa6 16. Bd2 Nd7 17. Kf1 Nb6 18. Nxb6 Rxb6 19. Qxa6 Raxa6 20. Reb1 f5 21. f3 fxe4 22. fxe4 Nb5 23. Nxb5 Rxb5 24. a4 Rxb2 25. Rxb2 Bxb2 26. Ra2 Bd4 27. a5 c4 28. Bb4 Kf7 29. Ke2 e6 30. Rc2 exd5 31. exd5 Bc5 32. Bd2 Kf6 33. Rxc4 Ke5 34. Rf4 Kxd5 35. Rf7 h5 36. Rg7 Kc4 37. Rxg6 Bb4 38. Bxb4 Kxb4 39. Rg5 Rxa5 40. Rxa5 Kxa5 41. h4 Kb4 42. g4 Kc3 43. gxh5 d5 44. h6 Kc2 45. h7 d4 46. h8=Q d3+ 47. Ke3 d2 48. Qc8+ 1-0


[Site "https://www.chess.com"]

[Event "Titled Tuesday Blitz May 17 Late 2022"]
[White "Taichman, Ori"]
[Black "Shimanov, Aleksandr"]
[WhiteFideId "2804069"]
[BlackFideId "4198603"]
[WhiteElo "2227"]
[BlackElo "2605"]
[Result "0-1"]
[Round "02"]
[TimeControl "180+1"]
[Date "2022.05.17"]
[WhiteClock "0:00:07"]
[BlackClock "0:00:04"]

1. e4 c6 2. d4 d5 3. e5 Bf5 4. h4 h5 5. Bd3 Bxd3 6. Qxd3 Qa5+ 7. Nd2 e6 8. Nf3 Ne7 9. O-O Nf5 10. c4 Be7 11. Nb3 Qa6 12. Nbd2 Nxh4 13. Nxh4 Bxh4 14. a4 Be7 15. Qc3 Nd7 16. b4 dxc4 17. Nxc4 Nb6 18. Nd6+ Bxd6 19. exd6 Qe2 20. d5 Nxd5 21. Qxg7 O-O-O 22. d7+ Kxd7 23. Qxf7+ Kc8 24. Be3 Qg4 25. f3 Qg8 26. Qxg8 Rdxg8 27. Bxa7 Nxb4 28. a5 Rh6 29. Rab1 Na6 30. Rf2 Nc7 31. Rfb2 Nb5 32. Bb6 Rhg6 33. Rc1 Kd7 34. Rd1+ Ke7 35. Bc5+ Kf6 36. Re1 e5 37. Kh1 h4 38. Re4 h3 39. gxh3 Rg3 40. Rg4 Rxh3+ 41. Kg2 Rxg4+ 42. fxg4 Rc3 43. Bb6 Kg5 44. Rd2 Kxg4 45. Rd7 Rc2+ 46. Kf1 Ra2 47. Rxb7 Kf3 48. Rf7+ Ke4 49. Rf6 Kd5 50. Rf2 Ra3 51. Rd2+ Nd4 52. Kf2 c5 53. Rd1 e4 54. Rc1 e3+ 55. Ke1 Nb3 56. Rd1+ Ke4 57. Rb1 c4 58. Rb2 Kd3 59. Rb1 Ra2 60. Rd1+ Ke4 61. Rd8 Nc1 62. Re8+ Kd5 63. Rxe3 Nd3+ 64. Kd1 Nb4 65. Kc1 Ra4 66. Kb2 Ra2+ 67. Kb1 Rg2 68. Rh3 Kc6 69. Rh6+ Kb5 70. Rh4 c3 71. Bd4 c2+ 72. Kb2 Nd3+ 73. Kb3 c1=Q 74. Rh5+ Ka6 75. Rh6+ Qxh6 76. Ka4 Qc6+ 77. Ka3 Qd6+ 78. Kb3 Qd5+ 0-1


[Site "https://www.chess.com"]

[Event "Titled Tuesday Blitz May 17 Late 2022"]
[White "Vovk, Orest"]
[Black "Melkumyan, Hrant"]
[WhiteFideId "14113490"]
[BlackFideId "13302485"]
[WhiteElo "2203"]
[BlackElo "2604"]
[Result "0-1"]
[Round "02"]
[TimeControl "180+1"]
[Date "2022.05.17"]
[WhiteClock "0:00:04"]
[BlackClock "0:00:13"]

1. h4 e5 2. h5 d5 3. h6 Nxh6 4. d4 exd4 5. Bxh6 gxh6 6. Qxd4 Rg8 7. Nc3 Bg7 8. Qh4 Qxh4 9. Rxh4 c6 10. O-O-O Be6 11. e4 d4 12. Nce2 c5 13. Nf4 Nc6 14. Nxe6 fxe6 15. Bb5 Kd7 16. Nf3 a6 17. Bxc6+ Kxc6 18. c3 dxc3 19. bxc3 Rad8 20. Rxd8 Rxd8 21. Kc2 b5 22. Rf4 Rd7 23. Rh4 c4 24. Rf4 a5 25. a3 Kc5 26. Rh4 Rf7 27. Rh5+ Kb6 28. Rh4 Bf8 29. Kb2 Rd7 30. Rf4 Be7 31. e5 h5 32. Rd4 Rd5 33. Rxd5 exd5 34. Nd4 b4 35. axb4 axb4 36. f4 Kc5 37. f5 bxc3+ 38. Kxc3 Bh4 39. Nf3 Bd8 40. f6 d4+ 41. Nxd4 Kd5 42. f7 Be7 43. e6 Bf8 44. Ne2 Bg7+ 45. Kc2 Kxe6 46. Nf4+ Kxf7 47. Nxh5 Be5 48. g3 Kg6 49. Nf4+ Bxf4 50. gxf4 h5 51. Kc3 h4 52. Kxc4 h3 0-1


[Site "https://www.chess.com"]

[Event "Titled Tuesday Blitz May 17 Late 2022"]
[White "Yuan, Qingyu"]
[Black "Milanovic, Marko"]
[WhiteFideId "8609772"]
[BlackFideId "980129"]
[WhiteElo "2359"]
[BlackElo "2151"]
[Result "1-0"]
[Round "02"]
[TimeControl "180+1"]
[Date "2022.05.17"]
[WhiteClock "0:01:01"]
[BlackClock "0:00:16"]

1. e4 e5 2. Nf3 Nc6 3. Bc4 Nf6 4. d3 Bc5 5. Bg5 h6 6. Bh4 g5 7. Bg3 d6 8. c3 Bb6 9. a4 Bg4 10. Nbd2 Qd7 11. b4 a5 12. b5 Ne7 13. Qb3 Ng6 14. h3 Bh5 15. d4 Nf4 16. dxe5 dxe5 17. Nxe5 Nxg2+ 18. Kf1 Qxd2 19. Bxf7+ Ke7 20. Qe6+ Kf8 21. Bxh5 Rh7 22. Qxf6+ Kg8 23. Bf7+ 1-0


[Site "https://www.chess.com"]

[Event "Titled Tuesday Blitz May 17 Late 2022"]
[White "Zakhartsov, Vladimir"]
[Black "Kanyamarala, Tarun"]
[WhiteFideId "4145097"]
[BlackFideId "45004714"]
[WhiteElo "2428"]
[BlackElo "2219"]
[Result "1-0"]
[Round "02"]
[TimeControl "180+1"]
[Date "2022.05.17"]
[WhiteClock "0:00:13"]
[BlackClock "0:00:01"]

1. d4 Nf6 2. c4 e6 3. Nc3 Bb4 4. e3 c5 5. Ne2 cxd4 6. exd4 d5 7. c5 O-O 8. a3 Ba5 9. b4 Bc7 10. Bf4 Bxf4 11. Nxf4 Qc7 12. Nd3 Nc6 13. Nb5 Qb8 14. Be2 a6 15. Nd6 Nxd4 16. O-O Nxe2+ 17. Qxe2 Ne8 18. Nxe8 Rxe8 19. f4 Bd7 20. a4 b6 21. Ne5 Qc7 22. c6 Bc8 23. b5 f6 24. Nd3 axb5 25. axb5 Rxa1 26. Rxa1 e5 27. fxe5 fxe5 28. Nb4 Qd6 29. Qd2 d4 30. Rc1 e4 31. Nc2 Rd8 32. Rd1 Bg4 33. Re1 e3 34. Qd3 Bh5 35. h3 Bg6 36. Qc4+ Bf7 37. Qd3 Qg3 38. Rxe3 Qg5 39. Nxd4 Qc5 40. Re4 Bg6 41. Qb3+ Kh8 42. c7 Qc1+ 43. Kf2 Qxc7 44. Ne6 Rd2+ 45. Re2 Qf7+ 46. Ke1 Rxe2+ 47. Kxe2 Bf5 48. Nd4 Qxb3 49. Nxb3 Bd7 50. Nd4 g6 51. Ke3 Kg7 52. Ke4 Kf6 53. Kd5 Be8 54. Kd6 h5 55. Kc7 Ke5 56. Nc6+ Kf4 57. Kxb6 Kg3 58. Kc7 Kxg2 59. b6 Kxh3 60. b7 g5 61. b8=Q 1-0


[Site "https://www.chess.com"]

[Event "Titled Tuesday Blitz May 17 Late 2022"]
[White "Abdyzhapar, Asylbek"]
[Black "Indjic, Aleksandar"]
[WhiteFideId "13800337"]
[BlackFideId "911925"]
[WhiteElo "2331"]
[BlackElo "2616"]
[Result "0-1"]
[Round "03"]
[TimeControl "180+1"]
[Date "2022.05.17"]
[WhiteClock "0:00:51"]
[BlackClock "0:00:08"]

1. d4 Nf6 2. Bg5 d5 3. e3 c5 4. Nd2 Nc6 5. c3 e6 6. Bd3 h6 7. Bh4 Bd6 8. f4 cxd4 9. cxd4 a6 10. Ngf3 b5 11. O-O Bb7 12. Ne5 Be7 13. Qe2 Rc8 14. a3 O-O 15. Rac1 Na5 16. Bb1 Rxc1 17. Rxc1 Nc4 18. Bxf6 Bxf6 19. Qd3 Re8 20. Qh7+ Kf8 21. Ndf3 Nxe3 22. Re1 Nc4 23. f5 Ke7 24. fxe6 fxe6 25. Ng4 Kd6 26. b3 Nxa3 27. Nfe5 Rf8 28. Bd3 b4 29. Qg6 Qe8 30. Qh7 Qd8 31. Rc1 Nb5 32. Bxb5 axb5 33. Qd3 Qb6 34. Qg6 Qxd4+ 35. Kh1 Bxe5 36. Re1 Qd2 37. Qb1 Bd4 38. Rd1 Qf4 39. h3 h5 40. Nh2 Bc3 41. Qg6 Qf6 42. Qg3+ e5 43. Nf3 h4 44. Qf2 d4 45. Rd3 e4 46. Rxc3 bxc3 47. Qa2 exf3 48. Qa3+ Kd5 0-1


[Site "https://www.chess.com"]

[Event "Titled Tuesday Blitz May 17 Late 2022"]
[White "Aldokhin, Ivan"]
[Black "Suleymanli, Aydin"]
[WhiteFideId "24115720"]
[BlackFideId "13413937"]
[WhiteElo "2231"]
[BlackElo "2481"]
[Result "0-1"]
[Round "03"]
[TimeControl "180+1"]
[Date "2022.05.17"]
[WhiteClock "0:00:01"]
[BlackClock "0:00:41"]

1. e4 e6 2. d4 d5 3. Nd2 a6 4. g3 dxe4 5. Nxe4 Bd7 6. Bg2 Bc6 7. Ne2 f5 8. Nf4 Bxe4 9. Bxe4 fxe4 10. Qh5+ Kd7 11. Be3 Nf6 12. Qh3 Qe8 13. d5 Bd6 14. O-O-O Bxf4 15. Bxf4 Kc8 16. Rhe1 Nbd7 17. dxe6 Nc5 18. e7+ Ncd7 19. Qe6 Qg8 20. e8=Q+ Qxe8 21. Qc4 c6 22. Rd6 Nb6 23. Qd4 Nbd5 24. Be5 Rf8 25. c4 Nb4 26. Bxf6 Rxf6 27. Rxe4 Qf8 28. Rd7 c5 0-1


[Site "https://www.chess.com"]

[Event "Titled Tuesday Blitz May 17 Late 2022"]
[White "Andreikin, Dmitry"]
[Black "Msellek, Ilyass"]
[WhiteFideId "4158814"]
[BlackFideId "675938"]
[WhiteElo "2736"]
[BlackElo "2221"]
[Result "1-0"]
[Round "03"]
[TimeControl "180+1"]
[Date "2022.05.17"]
[WhiteClock "0:02:11"]
[BlackClock "0:00:09"]

1. d4 Nf6 2. c4 e6 3. Nf3 d5 4. Bg5 Be7 5. e3 O-O 6. Qc2 a6 7. Nbd2 h6 8. Bxf6 Bxf6 9. h4 c5 10. dxc5 Nc6 11. g4 d4 12. g5 d3 13. Qb3 hxg5 14. hxg5 Bxg5 15. Bxd3 Bh6 16. O-O-O f5 17. Rdg1 Rf6 18. Qc3 e5 19. Nxe5 Ne7 20. Ndf3 Be6 21. Bc2 Rc8 22. Rxh6 Rxh6 23. Nf7 1-0


[Site "https://www.chess.com"]

[Event "Titled Tuesday Blitz May 17 Late 2022"]
[White "Babazada, Khazar"]
[Black "Barria Zuniga, Daniel"]
[WhiteFideId "13413554"]
[BlackFideId "3400816"]
[WhiteElo "2406"]
[BlackElo "2414"]
[Result "1-0"]
[Round "03"]
[TimeControl "180+1"]
[Date "2022.05.17"]
[WhiteClock "0:00:52"]
[BlackClock "0:00:20"]

1. e4 e6 2. d4 d5 3. Nc3 Bb4 4. e5 Ne7 5. a3 Bxc3+ 6. bxc3 c5 7. Nf3 Qa5 8. Bd2 Nd7 9. c4 Qc7 10. cxd5 Nxd5 11. c3 h6 12. Bd3 b6 13. O-O Bb7 14. Qe2 Rc8 15. Rac1 c4 16. Be4 Ne7 17. Rfe1 Bxe4 18. Qxe4 Qc6 19. Qg4 Nf5 20. h3 g5 21. Rcd1 Qd5 22. Nh2 Nf8 23. Nf1 Ng6 24. Ne3 Qd7 25. Nxf5 exf5 26. Qh5 Qd5 27. e6 Rc6 28. exf7+ Kxf7 29. Re5 Qd7 30. Rde1 Kg7 31. R5e2 Rf8 32. h4 Nxh4 33. Re7+ 1-0


[Site "https://www.chess.com"]

[Event "Titled Tuesday Blitz May 17 Late 2022"]
[White "Bazeev, German"]
[Black "Risteski, Emil"]
[WhiteFideId "24119350"]
[BlackFideId "15005267"]
[WhiteElo "2493"]
[BlackElo "2070"]
[Result "1-0"]
[Round "03"]
[TimeControl "180+1"]
[Date "2022.05.17"]
[WhiteClock "0:00:08"]
[BlackClock "0:00:05"]

1. d4 e6 2. Nf3 f5 3. Bg5 Nf6 4. Nbd2 Be7 5. Bxf6 Bxf6 6. e4 O-O 7. c3 fxe4 8. Nxe4 d5 9. Nxf6+ Qxf6 10. Bd3 c5 11. O-O Nc6 12. Qd2 e5 13. dxe5 Nxe5 14. Nxe5 Qxe5 15. Rae1 Qf6 16. Qe3 b6 17. Qe5 Bb7 18. Qxf6 Rxf6 19. Re7 Bc6 20. Rfe1 g6 21. f3 Rf7 22. R7e6 Rc8 23. Kf2 Kg7 24. h4 Rcc7 25. R6e5 Rcd7 26. h5 Rd6 27. hxg6 hxg6 28. Re6 Rxe6 29. Rxe6 Rf6 30. Re7+ Rf7 31. Re6 Rf6 32. Re5 Kf7 33. Ke3 Rd6 34. Kf4 a5 35. Re1 b5 36. Kg5 c4 37. Bc2 Bd7 38. Rd1 b4 39. g4 Bc6 40. f4 Re6 41. Rd2 Rf6 42. Rh2 Rd6 43. Rh7+ Kg8 44. Rh6 d4 45. cxd4 Be8 46. Bf5 Rd5 47. Rh2 gxf5 48. gxf5 Bd7 49. Kf6 Rxf5+ 50. Ke7 Rxf4 51. Kxd7 Rxd4+ 52. Kc6 Rd3 53. Kc5 c3 54. bxc3 Rxc3+ 55. Kb5 Ra3 56. Rf2 Kg7 57. Kc5 Kg6 58. Kc4 Kg5 59. Kc5 Kg4 60. Kc4 Kg3 61. Rb2 Kf3 62. Rb3+ Rxb3 63. axb3 Ke4 64. Kb5 Kd3 65. Kxa5 Kd4 66. Kxb4 Kd5 67. Kb5 Kd6 68. Kb6 Kd7 69. b4 Kc8 70. Ka7 1-0


[Site "https://www.chess.com"]

[Event "Titled Tuesday Blitz May 17 Late 2022"]
[White "Bellissimo, Joseph F."]
[Black "Makarian, Rudik"]
[WhiteFideId "2609843"]
[BlackFideId "44105681"]
[WhiteElo "2061"]
[BlackElo "2419"]
[Result "0-1"]
[Round "03"]
[TimeControl "180+1"]
[Date "2022.05.17"]
[WhiteClock "0:00:11"]
[BlackClock "0:00:13"]

1. e4 d6 2. d4 Nf6 3. Nc3 e5 4. Nf3 Nbd7 5. h3 Be7 6. Be2 O-O 7. Be3 c6 8. Qd2 b5 9. a3 a5 10. dxe5 dxe5 11. Bd3 Bb7 12. O-O Qc7 13. Rfe1 Nc5 14. Bg5 Rfd8 15. Qe2 Ne6 16. Rad1 h6 17. Bxf6 Bxf6 18. Qe3 Be7 19. Ne2 Bc5 20. Qc1 Qb6 21. Rf1 Qc7 22. Ng3 Nf4 23. Kh2 Rd7 24. Nf5 Rad8 25. g3 Nxd3 26. cxd3 Bf8 27. Qc3 f6 28. d4 exd4 29. Rxd4 c5 30. Rxd7 Qxd7 31. Qe3 Qd3 32. Re1 Qxe3 33. Rxe3 c4 34. N3d4 Bc5 35. Ne6 Rc8 36. Nxc5 Rxc5 37. f4 b4 38. axb4 axb4 39. e5 c3 40. bxc3 bxc3 41. e6 c2 42. e7 Bc6 43. e8=Q+ Bxe8 44. Rxe8+ Kh7 45. Re1 Rxf5 46. Rc1 Rc5 47. Kg2 Kg6 48. Kf3 Rc3+ 49. Kg4 f5+ 50. Kh4 Kh7 51. g4 g6 52. g5 hxg5+ 53. fxg5 Rc4+ 54. Kg3 Kg7 55. h4 Kf7 56. Kf3 Ke6 57. h5 gxh5 58. Ke3 h4 59. Kd3 Rc8 60. g6 Kf6 61. g7 Kxg7 62. Rg1+ Kf6 63. Kd2 c1=Q+ 64. Rxc1 Rxc1 65. Ke3 h3 66. Kf4 h2 67. Kg3 h1=Q 68. Kf4 Rc4+ 69. Kg3 Rc3+ 70. Kf2 Qh2+ 71. Ke1 Rc1# 0-1


[Site "https://www.chess.com"]

[Event "Titled Tuesday Blitz May 17 Late 2022"]
[White "Bluebaum, Matthias"]
[Black "Abdrlauf, Elham"]
[WhiteFideId "24651516"]
[BlackFideId "1533533"]
[WhiteElo "2556"]
[BlackElo "2371"]
[Result "0-1"]
[Round "03"]
[TimeControl "180+1"]
[Date "2022.05.17"]
[WhiteClock "0:00:14"]
[BlackClock "0:00:18"]

1. d4 Nf6 2. c4 e6 3. Nc3 d5 4. cxd5 exd5 5. Bg5 c6 6. e3 Bd6 7. Bd3 O-O 8. Nf3 Re8 9. Qc2 h6 10. Bh4 Be6 11. Ne5 c5 12. Nb5 cxd4 13. Nxd6 Qxd6 14. Bxf6 gxf6 15. Nf3 Qb4+ 16. Nd2 dxe3 17. fxe3 Qh4+ 18. g3 Qg5 19. Kf2 Nc6 20. Nf3 Qg7 21. Qd2 Ne5 22. h3 Rad8 23. Nd4 Qg5 24. b3 Bxh3 25. Rxh3 Ng4+ 26. Kg1 Rxe3 27. Nf5 Rxg3+ 28. Rxg3 Qxd2 29. Rxg4+ Kh8 30. Bf1 Rg8 31. Rxg8+ Kxg8 32. Bg2 d4 33. Ng3 Qc3 34. Re1 Qxe1+ 35. Nf1 d3 0-1


[Site "https://www.chess.com"]

[Event "Titled Tuesday Blitz May 17 Late 2022"]
[White "Bortnyk, Olexandr"]
[Black "Moroni, Luca Jr"]
[WhiteFideId "14120828"]
[BlackFideId "865834"]
[WhiteElo "2723"]
[BlackElo "2573"]
[Result "1-0"]
[Round "03"]
[TimeControl "180+1"]
[Date "2022.05.17"]
[WhiteClock "0:00:17"]
[BlackClock "0:00:03"]

1. d4 d5 2. Nc3 Nf6 3. Bf4 a6 4. e3 e6 5. Nf3 c5 6. a3 Nc6 7. Bd3 Bd6 8. dxc5 Bxc5 9. O-O O-O 10. e4 h6 11. e5 Nd7 12. Qd2 f5 13. exf6 Qxf6 14. Bg3 Nde5 15. Nxe5 Nxe5 16. Rae1 Nxd3 17. Qxd3 Qf5 18. Qd2 Bd7 19. Re5 Qf7 20. Rfe1 Rac8 21. Nd1 Be7 22. c3 Bd6 23. R5e3 Bc5 24. Re5 Bd6 25. R5e2 Bc5 26. Kh1 Rce8 27. Re5 Bd6 28. R5e3 Bc5 29. Rf3 Qh5 30. Rxf8+ Rxf8 31. Ne3 Qg5 32. h4 Qh5 33. Nc2 Be7 34. Qd4 Bf6 35. Qd1 Qxd1 36. Rxd1 Ba4 37. Rd2 e5 38. Ne3 d4 39. Ng4 dxc3 40. bxc3 e4 41. Nxf6+ Rxf6 42. Kh2 Rb6 43. Rd8+ Kh7 44. Be5 Rb2 45. Bd4 Bc6 46. Rc8 Kg6 47. Rc7 Ra2 48. g4 h5 49. Rxg7+ Kh6 50. g5# 1-0


[Site "https://www.chess.com"]

[Event "Titled Tuesday Blitz May 17 Late 2022"]
[White "Chigaev, Maksim"]
[Black "Trost, Edvin"]
[WhiteFideId "4108116"]
[BlackFideId "1729519"]
[WhiteElo "2457"]
[BlackElo "2165"]
[Result "1-0"]
[Round "03"]
[TimeControl "180+1"]
[Date "2022.05.17"]
[WhiteClock "0:00:08"]
[BlackClock "0:00:02"]

1. d4 Nf6 2. Nf3 d6 3. c4 Nbd7 4. Nc3 e5 5. e4 Be7 6. Be2 O-O 7. O-O c6 8. Re1 Re8 9. Bf1 Bf8 10. Rb1 a6 11. b4 b5 12. a4 bxc4 13. Bxc4 h6 14. Bb2 Bb7 15. Qb3 Qe7 16. Nh4 Nb6 17. Ng6 Qc7 18. Nxf8 Nxc4 19. Qxc4 Rxf8 20. dxe5 dxe5 21. a5 Rfd8 22. Na4 Bc8 23. Nb6 Rb8 24. h3 Nd7 25. Na4 Rb5 26. Nc3 Rb8 27. Na4 Rb5 28. Rbd1 Nf6 29. Rxd8+ Qxd8 30. Nc5 Qd2 31. Bc3 Qc2 32. Qd3 Qxd3 33. Nxd3 Nd7 34. Rc1 Bb7 35. Bd2 c5 36. bxc5 Bxe4 37. c6 Bxc6 38. Rxc6 Rd5 39. Rxa6 Rxd3 40. Be3 f5 41. g3 Ra3 42. Rd6 Nf6 43. a6 Ne4 44. Re6 Ra5 45. a7 Kf7 46. Rxe5 Ra1+ 47. Kg2 Nd6 48. Rd5 Ke6 49. Rd3 Ra6 50. Bc5 Nb5 51. Re3+ Kf6 52. Rb3 Nxa7 53. Rb7 Nc6 54. h4 Kg6 55. Bf8 Kf6 56. Bxg7+ Kg6 57. Bc3 Nd8 58. Re7 Kh5 59. f3 Ne6 60. Kh3 Rc6 61. g4+ fxg4+ 62. fxg4+ Kg6 63. h5+ Kg5 64. Bd2+ Kf6 65. Rh7 Ng5+ 66. Bxg5+ Kxg5 67. Rg7+ Kf4 68. Rg6 Rc3+ 69. Kh4 Rc1 70. Rf6+ Ke5 71. Rxh6 Rh1+ 72. Kg5 Rb1 73. Rf6 Rb8 74. Rf5+ Ke6 75. h6 Rg8+ 76. Kh5 Rxg4 77. Kxg4 1-0


[Site "https://www.chess.com"]

[Event "Titled Tuesday Blitz May 17 Late 2022"]
[White "De La Colina, Nicolas"]
[Black "Kamsky, Gata"]
[WhiteFideId "30946921"]
[BlackFideId "2000024"]
[WhiteElo "2046"]
[BlackElo "2645"]
[Result "0-1"]
[Round "03"]
[TimeControl "180+1"]
[Date "2022.05.17"]
[WhiteClock "0:00:35"]
[BlackClock "0:01:49"]

1. e4 c5 2. c3 Nf6 3. e5 Nd5 4. Nf3 Nc6 5. d4 cxd4 6. Bc4 Nb6 7. Bb3 d5 8. exd6 Qxd6 9. O-O Be6 10. Na3 dxc3 11. Nb5 Qxd1 12. Rxd1 Rc8 13. Bxe6 fxe6 14. Nxc3 h6 15. Re1 Kf7 16. Bf4 g5 17. Ne5+ Nxe5 18. Bxe5 Rg8 19. b3 Nd7 20. Bd4 e5 21. Bxa7 Rxc3 22. Rad1 Ke6 23. Be3 Bg7 24. Rd2 Rgc8 0-1


[Site "https://www.chess.com"]